 Dungeon Crawl Stone Soup version 0.30.1-4-g462c640d31 (webtiles) character file.

Game seed: 8164788156825939593

47 HagarQim the Conjurer (level 3, 0/28 HPs)
             Began as a Deep Elf Conjurer on Aug 24, 2023.
             Was a Follower of Elyvilon.
             Slain by Natasha (6 damage)
             ... on level 2 of the Dungeon.
             The game lasted 00:03:10 (1314 turns).

HagarQim the Conjurer (Deep Elf Conjurer)           Turns: 1314, Time: 00:03:10

Health: 0/28       AC: 21    Str:  4    XL:     3   Next: 48%
Magic:  2/10       EV:  2    Int: 24    God:    Elyvilon [*.....]
Gold:   46         SH:  0    Dex: 13    Spells: 6/9 levels left

rFire   + . .        g - staff of fire
rCold   . . .        (no shield)
rNeg    . . .        a - melded +0 robe
rPois   +            (helmet currently unavailable)
rElec   .            (cloak currently unavailable)
rCorr   .            (gloves currently unavailable)
SInv    .            (boots currently unavailable)
Will    .....        (no amulet)
Stlth   ++           (no ring)
HPRegen 0.24/turn    (no ring)
MPRegen 0.12/turn

%: no passive effects
@: tree-form, slowed, very slow
A: stationary, stasis, torment immunity, boosted hp
a: Renounce Religion, Purification


You were on level 2 of the Dungeon.
You worshipped Elyvilon.
Elyvilon was aware of your devotion.
You were a tree.
You visited 1 branch of the dungeon, and saw 2 of its levels.

You collected 46 gold pieces.

Inventory:

Hand Weapons
 c - a +0 dagger
Armour
 a - a +0 robe (melded)
Magical Staves
 g - a staff of fire (weapon)
Scrolls
 d - a scroll of poison {unknown}
 f - a scroll of identify {unknown}
 h - a scroll of noise {unknown}
 i - a scroll of teleportation {unknown}
Potions
 b - a potion of magic


   Skills:
 + Level 2.5 Dodging
 + Level 2.7 Stealth
 + Level 3.6 Spellcasting
 + Level 5.3 Conjurations


You had 6 spell levels left.
You knew the following spells:

 Your Spells              Type           Power      Damage    Failure   Level
a - Magic Dart            Conj           100%       1d8       1%          1
b - Searing Ray           Conj           60%        2d6       1%          2

Your spell library contained the following spells:

 Spells                   Type           Power      Damage    Failure   Level
 Dazzling Flash           Conj/Hex       34%        N/A       10%         3
 Fulminant Prism          Conj/Hex       8%         3d7       32%         4
 Iskenderun's Mystic Bla  Conj/Tloc      17%        2d5       32%         4


Dungeon Overview and Level Annotations

Branches:
Dungeon (2/15)

Altars:
Elyvilon

Annotations:
D:2 Natasha


Message History

Found a stone staircase leading up.
You now have 46 gold pieces (gained 9).
A kobold and a worm come into view.
Found a dagger and 8 gold pieces.
The kobold shouts!
The magic dart hits the worm.
The worm is lightly wounded.
The magic dart hits the worm!
The worm is heavily wounded.
The magic dart hits the worm.
The worm is severely wounded.
The magic dart hits the worm.
You kill the worm!
Natasha, Servant of Life and Death comes into view.
The magic dart hits the kobold.
The kobold is moderately wounded.
Natasha casts a spell at you. The magic dart hits you!
The magic dart hits the kobold.
You kill the kobold!
The magic dart hits Natasha!
Natasha is heavily wounded.
Natasha stares at you and mumbles some strange words.
You feel yourself slow down.
The magic dart hits Natasha.
Natasha is severely wounded.
Natasha drinks a potion.
Natasha is healed!
The magic dart hits Natasha but does no damage.
Natasha casts a spell at you. The magic dart hits you!
* * * LOW HITPOINT WARNING * * *
You are too injured to fight recklessly!
Unknown command.
Press: ? - help, v - describe, . - travel
Here: Natasha The floor.
It was a potion of lignification.
You turn into a tree.
Your +0 robe melds into your body.
Your roots penetrate the ground.
Natasha claws you.
You die...

#.....#
###########.....##
##...†.....#......#
............#......#
............†....#
$................#+###
$....................<.
......................#
###.........h♣........#
#.....[?..#######+###
#.........)......
#................
......)....†h...
...............
........)....$.
########....... #######


You could see Natasha.

Vanquished Creatures
  2 adders (D:2)
  A worm (D:2)
  6 ball pythons (D:1)
  2 endoplasms (D:1)
  2 giant cockroaches
  4 hobgoblins (D:1)
  A quokka (D:1)
  3 bats
  A goblin (D:1)
  2 kobolds
  3 rats (D:1)
27 creatures vanquished.

Notes
Turn   | Place    | Note
-------+----------+-------------------------------------------
     0 | D:1      | HagarQim the Deep Elf Conjurer began the quest for the Orb.
     0 | D:1      | Reached XP level 1. HP: 10/10 MP: 6/6
   209 | D:1      | Reached XP level 2. HP: 15/15 MP: 6/8
   354 | D:1      | Found a faded altar of an unknown god.
   362 | D:1      | Prayed at the altar of an unknown god.
   362 | D:1      | Became a worshipper of Elyvilon the Healer
   362 | D:1      | Reached * piety under Elyvilon
   853 | D:1      | Reached skill level 5 in Conjurations
  1149 | D:1      | Learned a level 2 spell: Searing Ray
  1189 | D:2      | Reached XP level 3. HP: 19/19 MP: 5/9
  1306 | D:2      | Noticed Natasha
  1314 | D:2      | Slain by Natasha

Illustrated notes

Levels and vault maps discovered:
D:1:      saegor_arrival_simple_e, layout_basic, ebering_ecumenical_altar_rust,
          amcnicky_mini_pool_small, st_stairs_9
D:2:      layout_basic, serial_shops, shop, uniq_natasha, uniq_robin

Skill      XL: |  1  2 |
---------------+-------+-----
Conjurations   | 5 |  5.3
Dodging        | |  2.5
Stealth        | |  2.7
Spellcasting   | |  3.6

Action                     || total
---------------------------++-------
   Cast: Magic Dart        ||    54
    Use: Potion            ||     1
 Armour: Robe              ||     2
  Dodge: Dodged            ||     2
